 Dungeon Crawl Stone Soup version 0.31-a0-1074-g0b22e4e0f1 (webtiles) character file.

Game seed: 12742896306402117748

189 javelincjr the Magician (level 5, -9/28 HPs)
             Began as a Deep Elf Conjurer on Nov 29, 2023.
             Killed by divine providence
             ... invoked by an orc priest
              (15 damage)
             ... on level 3 of the Dungeon.
             The game lasted 00:06:58 (2267 turns).

javelincjr the Magician (Deep Elf Conjurer)         Turns: 2267, Time: 00:06:59

Health: -9/28      AC:  5    Str:  4    XL:     5   Next: 40%
Magic:  3/14       EV: 13    Int: 31    God:
Gold:   137        SH:  0    Dex: 13    Spells: 12/14 levels left

rFire   . . .        (no weapon)
rCold   . . .        (no shield)
rNeg    . . .        k - +2 robe {Will+}
rPois   .            (no helmet)
rElec   .            (no cloak)
rCorr   .            e - +0 pair of gloves
SInv    .            (no boots)
Will    +....        (no amulet)
Stlth   ++           i - +6 ring of intelligence
HPRegen 0.24/turn    (no ring)
MPRegen 0.14/turn

%: no passive effects
@: no status effects
A: no striking features
a: no special abilities


You were on level 3 of the Dungeon.
You visited 1 branch of the dungeon, and saw 3 of its levels.

You collected 137 gold pieces.

Inventory:

Missiles
 j - 2 poisoned darts
Armour
 e - a +0 pair of gloves (worn)
 k - a +2 robe of willpower (worn)
Jewellery
 i - a +6 ring of intelligence (left hand)
Scrolls
 c - a scroll of enchant weapon {unknown}
 d - 2 scrolls of enchant armour {unknown}
 f - 2 scrolls of identify {unknown}
 h - a scroll of vulnerability {unknown}
Potions
 a - a potion of berserk rage {unknown}
 b - a potion of magic
 g - a potion of curing {unknown}
 l - 3 potions of cancellation {unknown}


   Skills:
 + Level 3.7 Dodging
 + Level 4.0 Stealth
 * Level 5.3 Spellcasting
 + Level 5.1 Conjurations


You had 12 spell levels left.
You knew the following spells:

 Your Spells              Type           Power      Damage    Failure   Level
a - Magic Dart            Conj           100%       1d8       1%          1
b - Foxfire               Conj/Fire      96%        2x1d8     1%          1

Your spell library contained the following spells:

 Spells                   Type           Power      Damage    Failure   Level
 Searing Ray              Conj           80%        2d7       1%          2
 Dazzling Flash           Conj/Hex       48%        N/A       5%          3
 Fulminant Prism          Conj/Hex       12%        3d9       19%         4
 Iskenderun's Mystic Bla  Conj/Tloc      24%        2d7       19%         4
 Starburst                Conj/Fire      12%        6d5       96%         6
 Plasma Beam              Fire/Air       4%         2x1d14    100%        6


Dungeon Overview and Level Annotations

Branches:
Dungeon (3/15)

Altars:


Message History

Press: ? - help, Shift-Dir - straight line, f/p - orc
Aim: an orc, wielding a +0 hand axe and wearing a +0 ring mail (100% to hit)
The magic dart hits the orc.
The orc is heavily wounded.
The orc misses you.
Casting: Magic Dart (safe; 1% risk of failure)
Confirm with . or Enter, or press ? or * to list all spells.
Aiming: Magic Dart (safe; 1% risk of failure)
Press: ? - help, Shift-Dir - straight line, f/p - orc
Aim: an orc, wielding a +0 hand axe and wearing a +0 ring mail (heavily wounded, 100% to hit)
The magic dart hits the orc.
The orc is severely wounded.
The orc hits you with a +0 hand axe.
* * * LOW HITPOINT WARNING * * *
Casting: Magic Dart (safe; 1% risk of failure)
Confirm with . or Enter, or press ? or * to list all spells.
Aiming: Magic Dart (safe; 1% risk of failure)
Press: ? - help, Shift-Dir - straight line, f/p - orc
Aim: an orc, wielding a +0 hand axe and wearing a +0 ring mail (severely wounded, 100% to hit)
The magic dart hits the orc but does no damage.
The orc is severely wounded.
The orc hits you but does no damage.
Casting: Magic Dart (safe; 1% risk of failure)
Confirm with . or Enter, or press ? or * to list all spells.
Aiming: Magic Dart (safe; 1% risk of failure)
Press: ? - help, Shift-Dir - straight line, f/p - orc
Aim: an orc, wielding a +0 hand axe and wearing a +0 ring mail (severely wounded, 100% to hit)
The magic dart hits the orc.
You kill the orc!
The orc priest closely misses you.
Casting: Magic Dart (safe; 1% risk of failure)
Confirm with . or Enter, or press ? or * to list all spells.
Aiming: Magic Dart (safe; 1% risk of failure)
Press: ? - help, Shift-Dir - straight line, f - orc priest
Aim: an orc priest, wielding a +0 flail and wearing a +0 leather armour of fire resistance (100% to hit)
The magic dart hits the orc priest but does no damage.
The orc priest mumbles some strange prayers to Beogh against you.
Beogh smites you!
Ouch! That really hurt!
You die...

#######
#@)...#
#o###.#
#.#<#.#
#)#.#.#
#.#...#
#.#####
#.> ...
#..


You could see an orc priest.

Vanquished Creatures
  Sigmund (D:2)
  A dart slug (D:2)
  4 orcs (D:3)
  3 ball pythons
  5 bats
  4 endoplasms
  A hobgoblin (D:3)
  A quokka (D:1)
  3 frilled lizards
  A kobold (D:2)
  4 rats
28 creatures vanquished.

Vanquished Creatures (collateral kills)
  2 foxfires (D:1)
2 creatures vanquished.

Vanquished Creatures (others)
  78 foxfires
78 creatures vanquished.

Grand Total: 108 creatures vanquished

Notes
Turn   | Place    | Note
-------+----------+-------------------------------------------
     0 | D:1      | javelincjr the Deep Elf Conjurer began the quest for the
                  | Orb.
     0 | D:1      | Reached XP level 1. HP: 10/10 MP: 6/6
   703 | D:1      | Reached XP level 2. HP: 15/15 MP: 4/8
   705 | D:1      | Learned a level 1 spell: Foxfire
   906 | D:2      | Noticed Sigmund
  1573 | D:2      | Killed Sigmund
  1574 | D:2      | Reached skill level 5 in Spellcasting
  1574 | D:2      | Reached skill level 5 in Conjurations
  1574 | D:2      | Reached XP level 3. HP: 6/19 MP: 1/11
  1574 | D:2      | Reached XP level 4. HP: 8/24 MP: 1/13
  1574 | D:2      | Reached XP level 5. HP: 10/28 MP: 1/14
  2267 | D:3      | Killed from afar by an orc priest

Illustrated notes

Levels and vault maps discovered:
D:1:      dpeg_arrival_simpleton_b, layout_loops_cross, serial_forest,
          infiniplex_forest_end_3, infiniplex_forest_lined_corner,
          infiniplex_forest_lined_1, infiniplex_forest_clump_double,
          infiniplex_forest_clump_tiny, infiniplex_forest_clump_long
D:2:      layout_basic, solitary_fountain, minmay_curled_crystal,
          serial_bayou_pond_d, uniq_sigmund
D:3:      layout_basic, hellmonk_ghost_happy_afterlife

Skill      XL: |  1  2  3  4  5 |
---------------+----------------+-----
Dodging        | 3 |  3.7
Stealth        | 3 4 |  4.0
Spellcasting   | 5 |  5.3
Conjurations   | 5 |  5.1

Action                     |  1- 3 |  4- 6 || total
---------------------------+-------+-------++-------
  Melee: Unarmed           |    20 |       ||    20
         Punch             |     1 |       ||     1
   Cast: Magic Dart        |    12 |    10 ||    22
         Foxfire           |    37 |    11 ||    48
 Armour: Robe              |     3 |     2 ||     5
  Dodge: Dodged            |     2 |     2 ||     4

Table legend: (Time is in decaauts)
 A = Elapsed time spent in this place.
 B = Non-inter-level travel time spent in this place.
 C = Inter-level travel time spent in this place.
 D = Time resting spent in this place.
 E = Time spent auto-exploring this place.
 F = Levels seen in this place.
 G = Mean time per level.
                   A        B        C        D        E       F      G
               +--------+--------+--------+--------+--------+-----+--------+
         Total |   2266 |   2153 |    113 |      0 |   1812 |   3 |  755.3 |
       Dungeon |   2266 |   2153 |    113 |      0 |   1812 |   3 |  755.3 |
               +--------+--------+--------+--------+--------+-----+--------+

Top non-repeatable levels by time:
     D:2: 1260 daAuts
     D:1: 947 daAuts
     D:3: 57 daAuts
